 Dungeon Crawl Stone Soup version 0.30.1-11-g7821555f0a (webtiles) character file.

Game seed: 1569954954028561433

208 porpoise the Shooter (level 5, -7/46 HPs)
             Began as a Minotaur Hunter on Jan 15, 2024.
             Was an Initiate of Fedhas.
             Mangled by Crazy Yiuf
             ... wielding a +3 quarterstaff of chaos
              (11 damage)
             ... on level 2 of the Dungeon.
             The game lasted 00:07:43 (3222 turns).

porpoise the Shooter (Minotaur Hunter)              Turns: 3222, Time: 00:07:44

Health: -7/46      AC:  8    Str: 16    XL:     5   Next: 55%
Magic:  4/4        EV: 11    Int:  6    God:    Fedhas [......]
Gold:   186        SH:  0    Dex: 15    Spells: 4/4 levels left

rFire   . . .        a - +0 shortbow
rCold   . . .        (shield currently unavailable)
rNeg    . . .        n - +0 ring mail
rPois   .            (helmet restricted)
rElec   .            q - +2 cloak
rCorr   .            (no gloves)
SInv    .            (no boots)
Will    .....        (no amulet)
Stlth   +            (no ring)
HPRegen 0.27/turn    (no ring)
MPRegen 0.09/turn

%: no passive effects
@: lethally poisoned (-7 -> -16)
A: horns 2, retaliatory headbutt
a: Renounce Religion


You were on level 2 of the Dungeon.
You worshipped Fedhas.
Fedhas was noncommittal.
You visited 1 branch of the dungeon, and saw 3 of its levels.

You collected 186 gold pieces.

Inventory:

Hand Weapons
 a - a +0 shortbow (weapon)
 b - a +3 vampiric trident
Missiles
 h - 9 boomerangs
Armour
 n - a +0 ring mail (worn)
 q - a +2 cloak (worn)
Scrolls
 d - a scroll of noise {unknown}
 e - a scroll of teleportation
 f - a scroll of enchant armour {unknown}
 g - a scroll of enchant weapon {unknown}
 i - a scroll of torment {unknown}
 j - a scroll of vulnerability
 p - a scroll of fog {unknown}
 r - a scroll of fear {unknown}
 t - a scroll of immolation
 u - a scroll of butterflies {unknown}
Potions
 c - 2 potions of brilliance
 k - 2 potions of degeneration {unknown}
 l - 2 potions of might
 m - a potion of heal wounds {unknown}
 o - 2 potions of mutation {unknown}
 s - 4 potions of flight {unknown}


   Skills:
 + Level 4.1 Fighting
 * Level 6.3 Ranged Weapons
 + Level 2.5 Armour
 - Level 2.1 Dodging
 - Level 0.7 Stealth


You had 4 spell levels left.
You didn't know any spells.
Your spell library was empty.

Dungeon Overview and Level Annotations

Branches:
Dungeon (3/15)

Altars:
Ashenzari
Fedhas
Gozag

Shops:
D:1 :

Annotations:
D:2 Crazy Yiuf


Innate Abilities, Weirdness & Mutations

You have a pair of horns on your head.
You reflexively headbutt those who attack you in melee.


Message History

Crazy Yiuf is moderately wounded.
Crazy Yiuf hits you with a +3 quarterstaff of chaos.
Crazy Yiuf hits you but does no damage.
Fire: a) +0 shortbow
Press: ? - help, Q - select action, (/) - cycle Shift-Dir - straight line, f/p - Crazy Yiuf
Aim: Crazy Yiuf, wielding a +3 quarterstaff of chaos and wearing a +1 cloak (moderately wounded, 68% to hit)
You shoot an arrow. The arrow barely misses Crazy Yiuf.
Crazy Yiuf hits you with a +3 quarterstaff of chaos.
Crazy Yiuf freezes you.
Fire: a) +0 shortbow
Press: ? - help, Q - select action, (/) - cycle Shift-Dir - straight line, f/p - Crazy Yiuf
Aim: Crazy Yiuf, wielding a +3 quarterstaff of chaos and wearing a +1 cloak (moderately wounded, 68% to hit)
You shoot an arrow. The arrow closely misses Crazy Yiuf.
Crazy Yiuf says, "Crazy?
Crazy!?
PORCUPINE!"
Crazy Yiuf barely misses you. You furiously retaliate!
You headbutt Crazy Yiuf!
Fire: a) +0 shortbow
Press: ? - help, Q - select action, (/) - cycle Shift-Dir - straight line, f/p - Crazy Yiuf
Aim: Crazy Yiuf, wielding a +3 quarterstaff of chaos and wearing a +1 cloak (almost dead, 68% to hit)
You shoot an arrow. The arrow barely misses Crazy Yiuf.
Crazy Yiuf waves his quarterstaff at you.
Crazy Yiuf hits you with a +3 quarterstaff of chaos.
You are poisoned.
Crazy Yiuf hits you with a +3 quarterstaff of chaos!
Fire: a) +0 shortbow
Press: ? - help, Q - select action, (/) - cycle Shift-Dir - straight line, f/p - Crazy Yiuf
Aim: Crazy Yiuf, wielding a +3 quarterstaff of chaos and wearing a +1 cloak (almost dead, 68% to hit)
You shoot an arrow. The arrow hits Crazy Yiuf.
Crazy Yiuf is almost dead.
You feel very sick. Crazy Yiuf closely misses you.
Fire: a) +0 shortbow
Press: ? - help, Q - select action, (/) - cycle Shift-Dir - straight line, f/p - Crazy Yiuf
Aim: Crazy Yiuf, wielding a +3 quarterstaff of chaos and wearing a +1 cloak (almost dead, 68% to hit)
You shoot an arrow. The arrow barely misses Crazy Yiuf.
You feel very sick.
Crazy Yiuf hits you with a +3 quarterstaff of chaos!
* * * LOW HITPOINT WARNING * * *
You are electrocuted!
You die...
Fedhas appreciates your contribution to the ecosystem.

..# #.........##.# #.#
### #....)..[>##.###.#
## #........)##...#.#
.# #...##############
.####...#
........##♣♣♣♣♣
#####....#..♣.♣♣♣ ###
.............♣..♣#...#
####.#......♣♣♣♣@g...#
#.##..#.♣♣ ♣♣#..)#
#.#####♣♣ ### #.# #.#
#.##############
#..............#
################


You could see Crazy Yiuf.

Vanquished Creatures
  2 orc priests (D:3)
  Terence (D:3)
  Robin (D:2)
  An adder (D:2)
  A worm (D:2)
  A dart slug (D:2)
  12 orcs
  8 ball pythons
  3 bats
  4 endoplasms
  5 giant cockroaches
  12 goblins
  9 hobgoblins
  7 jackals (D:1)
  A quokka (D:3)
  4 frilled lizards
  4 kobolds
  6 rats
82 creatures vanquished.

Notes
Turn   | Place    | Note
-------+----------+-------------------------------------------
     0 | D:1      | porpoise the Minotaur Hunter began the quest for the Orb.
     0 | D:1      | Reached XP level 1. HP: 18/18 MP: 0/0
   151 | D:1      | Reached XP level 2. HP: 25/25 MP: 1/1
   366 | D:1      | Reached skill level 5 in Ranged Weapons
   519 | D:1      | Found Duffarphio's Book Emporium.
  1038 | D:2      | Reached XP level 3. HP: 30/31 MP: 2/2
  1201 | D:2      | Found a faded altar of an unknown god.
  1324 | D:2      | Found a runed translucent door.
  1325 | D:2      | Noticed Crazy Yiuf
  1552 | D:2      | Reached skill level 1 in Armour
  1649 | D:2      | Identified the +0 helmet "Siho Lerom" {*Corrode rN+ Will+
                  | MP+9}
  1649 | D:2      | Noticed Robin
  1672 | D:2      | Reached XP level 4. HP: 32/38 MP: 3/3
  1675 | D:2      | Killed Robin
  1990 | D:3      | Noticed Terence
  2000 | D:3      | Killed Terence
  2126 | D:3      | Found an opulent altar of Gozag.
  2453 | D:3      | Reached skill level 6 in Ranged Weapons
  2453 | D:3      | Reached XP level 5. HP: 31/46 MP: 4/4
  3055 | D:3      | Found a broken altar of Ashenzari.
  3055 | D:3      | Found a blossoming altar of Fedhas.
  3059 | D:3      | Became a worshipper of Fedhas Madash
  3222 | D:2      | Mangled by Crazy Yiuf

Illustrated notes

Levels and vault maps discovered:
D:1:      kennysheep_arrival_seaside, layout_basic, serial_shops, shop
D:2:      layout_loops_ring, ebering_ecumenical_altar_abandoned, wad_orctagon,
          uniq_robin, uniq_crazy_yiuf_cottage
D:3:      layout_loops_ring, nicolae_gozag_seed_capital,
          gammafunk_temple_overflow_elements, chequers_serial_rivers_micro_c,
          grunt_decor_mini_mirrors, skrybe_limestone_x, uniq_terence

Skill      XL: |  1  2  3  4 |
---------------+-------------+-----
Ranged Weapons | 5 6 |  6.3
Fighting       | 3 4 |  4.1
Armour         | 1 2 |  2.5
Dodging        | |  2.1
Stealth        | |  0.7

Action                     |  1- 3 |  4- 6 || total
---------------------------+-------+-------++-------
  Melee: Trident           |       |     1 ||     1
   Fire: Shortbow          |   102 |    94 ||   196
    Use: Scroll            |     4 |       ||     4
         Potion            |       |     1 ||     1
 Armour: Leather armour    |     8 |       ||     8
         Ring mail         |    16 |    24 ||    40
  Dodge: Dodged            |    26 |    22 ||    48
